 Dungeon Crawl Stone Soup version 0.29.1-15-g9cfb28693d (webtiles) character file.

Game seed: 16606850817836083648

364 HOAXBANE the Covered (level 7, -5/51 HPs)
             Began as a Human Artificer on Mar 4, 2023.
             Was an Initiate of Wu Jian.
             Slain by an ogre
             ... wielding a +0 giant spiked club
              (26 damage)
             ... on level 4 of the Dungeon.
             The game lasted 00:25:16 (3898 turns).

HOAXBANE the Covered (Human Artificer)              Turns: 3898, Time: 00:25:16

Health: -5/51      AC:  7    Str:  8    XL:     7   Next: 0%
Magic:  7/7        EV: 12    Int: 13    God:    Wu Jian [......]
Gold:   94         SH:  0    Dex: 13    Spells: 6/6 levels left

rFire   + . .      SeeInvis .   o - +8 short sword of Makhleb's Benevolence {vorpal, rF+ rN+ Str-5}
rCold   . . .      Faith    .   j - orb {mayhem}
rNeg    + . .      Spirit   .   k - +0 leather armour {Will+}
rPois   .          Reflect  .   (no helmet)
rElec   .          Harm     .   (no cloak)
rCorr   .          Rampage  .   (no gloves)
Will    +....                   (no boots)
Stlth   ++........              (no amulet)
HPRegen 0.17/turn               i - +4 ring of protection
MPRegen 0.10/turn               (no ring)

@: no status effects
A: no striking features
a: Renounce Religion


You were on level 4 of the Dungeon.
You worshipped Wu Jian.
Wu Jian was noncommittal.
You visited 1 branch of the dungeon, and saw 4 of its levels.

You collected 120 gold pieces.
You spent 26 gold pieces at shops.

Inventory:

Hand Weapons
 o - the +8 short sword of Makhleb's Benevolence (weapon) {vorpal, rF+ rN+ Str-5}
   (You found it on level 3 of the Dungeon)

   It inflicts extra damage upon your enemies.
   Str:       It affects your strength (-5).
   rF:        It protects you from fire.
   rN:        It protects you from negative energy.
Missiles
 r - 5 poisoned darts (quivered)
Armour
 j - an orb of mayhem (worn)
 k - a +0 leather armour of willpower (worn)
 u - a +0 plate armour
Jewellery
 i - a +4 ring of protection (left hand)
Wands
 c - a wand of flame (11)
 d - a wand of charming (14)
 e - a wand of iceblast (5)
Scrolls
 a - a scroll of fear {unknown}
 b - a scroll of vulnerability {unknown}
 h - 2 scrolls of teleportation {unknown}
 m - a scroll of poison {unknown}
 p - a scroll of noise {unknown}
 q - a scroll of blinking {unknown}
 s - a scroll of identify
 t - a scroll of immolation {unknown}
Potions
 f - a potion of heal wounds
 g - 2 potions of curing
 l - 3 potions of cancellation
 n - a potion of haste


   Skills:
 + Level 2.7 Fighting
 + Level 2.5 Short Blades
 + Level 3.8 Armour
 - Level 3.0 Dodging
 + Level 3.0 Stealth
 - Level 3.0 Evocations


You had 6 spell levels left.
You didn't know any spells.
Your spell library contained the following spells:

 Spells                   Type           Power      Damage    Failure   Level
 Conjure Flame            Conj/Fire      0%         6-21      78%         3
 Ignite Poison            Fire/Tmut/Pois 0%         N/A       78%         3
 Fulminant Prism          Conj/Hex       0%         3d6       99%         4
 Iskenderun's Mystic Bla  Conj/Tloc      0%         2d3       99%         4
 Sticky Flame             Conj/Fire      0%         2d3       99%         4
 Lee's Rapid Deconstruct  Erth           0%         3d5*      100%        5


Dungeon Overview and Level Annotations

Branches:
Dungeon (4/15)
 Temple: D:4-7

Altars:
Sif Muna
Uskayaw
Wu Jian

Shops:
D:1 *


Message History

Throw: 10 darts (poison)
Press: ? - help, Q - select action, (/) - cycle Shift-Dir - straight line, f/p - ogre
Aim: an ogre, wielding a +0 giant spiked club (poisoned, 73% to hit)
You throw a poisoned dart. The poisoned dart hits the ogre.
The ogre looks even sicker.
Throw: 9 darts (poison)
Press: ? - help, Q - select action, (/) - cycle Shift-Dir - straight line, f/p - ogre
Aim: an ogre, wielding a +0 giant spiked club (lightly wounded, very poisoned, 73% to hit)
You throw a poisoned dart. The poisoned dart hits the ogre.
The ogre looks even sicker.
The ogre is lightly wounded.
Throw: 8 darts (poison)
Press: ? - help, Q - select action, (/) - cycle Shift-Dir - straight line, f/p - ogre
Aim: an ogre, wielding a +0 giant spiked club (lightly wounded, very poisoned, 73% to hit)
You throw a poisoned dart. The poisoned dart hits the ogre.
The ogre is lightly wounded.
Found a scroll of identify.
Throw: 7 darts (poison)
Press: ? - help, Q - select action, (/) - cycle Shift-Dir - straight line, f/p - ogre
Aim: an ogre, wielding a +0 giant spiked club (moderately wounded, very poisoned, 73% to hit)
You throw a poisoned dart.
The poisoned dart completely misses the ogre.
You lunge at the ogre.
You puncture the ogre!
The ogre is severely wounded.
The ogre hits you with a +0 giant spiked club!
You hit the ogre.
The ogre is almost dead.
The ogre misses you.
Throw: 6 darts (poison)
Press: ? - help, Q - select action, (/) - cycle Shift-Dir - straight line, f/p - ogre
Aim: an ogre, wielding a +0 giant spiked club (almost dead, very poisoned, 73% to hit)
You throw a poisoned dart.
The poisoned dart completely misses the ogre.
You barely miss the ogre.
The ogre is almost dead.
The ogre hits you with a +0 giant spiked club!!
The ogre attacks as you move away!
The ogre hits you with a +0 giant spiked club!!
Ouch! That really hurt!
You die...

###### ## #.##.# .. #....# #..
#.#######..#.# #.# #..........#.#
#.# ##.......#..#.# #.#
......###.....#.# #.######## .#
...((.....O@..#.# #.#....... .#
........#.....#.###.#....... .
.((?........................
.####(###.#..##.####.###.#.......
.<........#.. #.#........########
..#.......#. #.##.#.##...####...
#.#.......#. ...................
#.........# #.##.#.##..........
.#..#.### #. #.#............#


You could see an ogre (poisoned).

Vanquished Creatures
  Sigmund (D:3)
  A scorpion (D:4)
  7 adders
  2 ufetubi (D:4)
  4 worms
  2 dart slugs
  An orc (D:4)
  4 ball pythons
  7 endoplasms
  2 giant cockroaches (D:2)
  2 goblins
  3 hobgoblins
  3 jackals (D:4)
  3 kobolds
  7 quokkas
  6 bats
  3 frilled lizards
  5 rats
63 creatures vanquished.

Vanquished Creatures (others)
  A kobold (D:4)
1 creature vanquished.

Grand Total: 64 creatures vanquished

Notes
Turn   | Place    | Note
-------+----------+-------------------------------------------
     0 | D:1      | HOAXBANE the Human Artificer began the quest for the Orb.
     0 | D:1      | Reached XP level 1. HP: 15/15 MP: 1/1
    42 | D:1      | Found Zijoitei's General Store.
    96 | D:1      | Reached XP level 2. HP: 16/21 MP: 2/2
   616 | D:2      | Found a faded altar of an unknown god.
   819 | D:2      | Reached XP level 3. HP: 18/26 MP: 3/3
  1352 | D:2      | Found a shimmering blue altar of Sif Muna.
  1662 | D:3      | Identified the +8 short sword of Makhleb's Benevolence
                  | {vorpal, rF+ rN+ Str-5}
  1674 | D:3      | HP: 1/26 [poisoned by an adder]
  1991 | D:2      | shop
  2022 | D:1      | Bought a scroll of identify for 26 gold pieces
  2090 | D:3      | Reached XP level 4. HP: 25/32 MP: 4/4
  2175 | D:3      | Noticed Sigmund
  2185 | D:3      | Killed Sigmund
  2186 | D:3      | Reached skill level 1 in Short Blades
  2186 | D:3      | Reached XP level 5. HP: 34/38 MP: 5/5
  2186 | D:3      | Reached XP level 6. HP: 39/44 MP: 6/6
  3243 | D:4      | Found an ornate altar of the Wu Jian Council.
  3251 | D:4      | Became a worshipper of the Wu Jian Council
  3344 | D:4      | Noticed an ogre
  3543 | D:4      | Found a hide-covered altar of Uskayaw.
  3561 | D:4      | Noticed an ogre
  3884 | D:4      | Reached XP level 7. HP: 51/51 MP: 7/7
  3898 | D:4      | Slain by an ogre

Illustrated notes

### ###.###.#.#
#..###..##.# #
#.....#.#.###..#
#..##.# #
##.#.#.#........#
#..##.# ###
#..........###.##
#..##.# ..###
#..#.#.###.# #.#
#..##.# ....#
#......###.# #.#
#.....# ....#
#.##....##.# #.#
#####.##
._..###.##.##.##)#
#.# #..#
.....##.##.##.##@#
#.# #..#
.....##.##.##)##.#
#.# #..##
..#..##.##.##.##.#
#.# #..#.
...........<.....#
#.# #..#.
..###########.####
#.# #..#. ..# #.# #.#
##.... ###
#.######.#######...#.
#
#.................##.
#####
######...#######.###.


Turn 1991 on D:2: shop

Levels and vault maps discovered:
D:1:      grunt_arrival_crossed_arrows, layout_rooms, serial_shops, shop
D:2:      layout_loops_ring, basic_ecumenical_altar, basic_altar
D:3:      layout_loops_cross, uniq_sigmund
D:4:      layout_basic, mainiacjoe_overflow_surrounded_room,
          eat_drink_and_be_merry_uskayaw, kennysheep_slug_shrine,
          minmay_temple_entry_glassed_door, minmay_manual_mess

Skill      XL: |  1  2  3  4  5  6 |
---------------+-------------------+-----
Dodging        | 2 3 |  3.0
Fighting       | 2 |  2.7
Short Blades   | 1 2 |  2.5
Armour         | 3 |  3.8
Stealth        | 2 3 |  3.0
Evocations     | |  3.0

Action                   |  1- 3 |  4- 6 |  7- 9 || total
-------------------------+-------+-------+-------++-------
Melee: Spear             |   147 |       |       ||   147
       Punch             |     1 |       |       ||     1
       Short sword       |     2 |    96 |     3 ||   101
Throw: Dart              |       |     7 |     6 ||    13
Invok: Lunge             |       |     8 |     1 ||     9
Evoke: Wand              |     3 |     2 |       ||     5
  Use: Scroll            |     3 |     2 |       ||     5
 Stab: Sleeping          |     4 |     4 |       ||     8
Armor: Leather armour    |    25 |    30 |       ||    55
Dodge: Dodged            |    48 |    52 |     1 ||   101
